Map: Аура смерти РВ

Players

ИИ 1 (ученик)

  • Race: Terran Terran
  • Spawn Location: 11:00

Doll - Winner!

  • Race: Protoss Protoss
  • Spawn Location: 5:00

VOD

Have the link to the VOD?

Description

Time

  • Played on: Dec. 12, 2020, 3:31 p.m.
  • Length: 7:10
Show
View Real Time Build Order
Export as new Build Order

ИИ 1 (ученик) Terran 

Build Orders:  

Get SALT Encoding   

  12  0:00  SCV  
  13  0:13  SCV  
  14  0:19  Supply Depot  
  14  0:25  SCV  
  15  0:40  SCV  
  16  0:43  Barracks  
  16  0:44  Refinery  
  16  1:09  Supply Depot  
  16  1:20  Refinery  
  16  1:30  Marine  
  16  1:32  Orbital Command  
  17  1:49  Barracks Tech Lab  
  17  1:57  SCV  
  18  2:07  Marine  
  19  2:10  SCV  
  19  2:12  Supply Depot  
  20  2:22  SCV  
  21  2:25  Marine  
  22  2:34  SCV  
  23  2:43  Marauder  
  25  2:46  SCV  
  26  2:58  SCV  
  27  3:05  Marauder  
  29  5:07  Reaper  
  29  5:09  SCV, Supply Depot  
  29  5:12  Factory  
  31  5:31  SCV  
  31  5:33  Supply Depot  
  32  5:39  Marine  
  26  5:57  Marine  
  26  5:58  Starport  
  26  5:59  Command Center  
  27  6:15  Marine  
  28  6:33  Marauder  
  28  6:38  Starport Tech Lab  
  28  6:42  Hellion  
  26  7:03  Command Center  
Show
View Real Time Build Order
Export as new Build Order

Doll Protoss - Winner!

Build Orders: 1 Gate Expand 

Get SALT Encoding   

  12  0:00  Probe  
  13  0:12  Probe  
  14  0:20  Pylon  
  14  0:25  Probe  
  15  0:38  Gateway  
  15  0:40  Probe (Chrono Boost)  
  16  0:52  Probe (Chrono Boost)  
  16  0:55  Pylon  
  17  0:57  Probe (Chrono Boost)  
  18  1:07  Probe (Chrono Boost)  
  19  1:17  Assimilator  
  20  1:19  Probe (Chrono Boost)  
  20  1:24  Probe (Chrono Boost)  
  20  1:26  Zealot  
  23  1:40  Probe  
  23  1:41  Nexus  
  24  1:52  Probe  
  24  1:54  Zealot  
  27  2:04  Probe, Cybernetics Core  
  28  2:11  Assimilator  
  28  2:15  Pylon  
  28  2:16  Probe  
  28  2:22  Zealot  
  31  2:33  Probe  
  32  2:39  Pylon  
  32  2:40  Warp Gate  
  32  2:48  Gateway  
  32  2:49  Stalker  
  34  2:55  Probe  
  34  2:56  Probe  
  36  3:08  Probe  
  36  3:09  Probe  
  38  3:19  Robotics Facility  
  38  3:20  Adept  
  38  3:22  Probe  
  38  3:23  Probe  
  42  3:33  Gateway  
  42  3:35  Sentry  
  42  3:36  Probe  
  42  3:37  Probe  
  46  3:46  Twilight Council  
  46  3:48  Probe  
  47  3:49  Probe  
  47  3:51  Adept  
  50  4:01  Probe  
  50  4:02  Probe  
  52  4:03  Stalker  
  52  4:07  Observer  
  55  4:15  Probe  
  56  4:18  Pylon  
  56  4:19  Forge  
  56  4:21  Probe  
  57  4:24  Charge  
  57  4:29  Zealot  
  57  4:30  Probe  
  60  4:32  Zealot  
  60  4:36  Immortal  
  66  4:42  Assimilator  
  66  4:43  Assimilator  
  66  4:45  Zealot  
  68  4:51  Stalker, Pylon  
  70  5:04  Pylon  
  70  5:12  Probe x2, Forge  
  72  5:16  Immortal  
  72  5:17  Stalker  
  78  5:26  Sentry  
  78  5:27  Zealot  
  82  5:30  Probe  
  82  5:31  Probe  
  84  5:40  Pylon  
  84  5:43  Stalker  
  86  5:53  Pylon  
Tags
 
Add a new tag
Caveats
  • Supply blocks, unpowered buildings, or Contaminate may cause inaccurate times.
  • Supply counts are checked every 10 seconds.